 Dungeon Crawl Stone Soup version 0.26.0-16-gc1dbca0489 (webtiles) character file.

Game seed: 1754780297702282382

204 snetch the Chopper (level 5, -5/47 HPs)
             Began as a Hill Orc Monk on Jan 18, 2021.
             Slain by an ogre
             ... wielding a +0 giant spiked club
              (21 damage)
             ... on level 4 of the Dungeon.
             The game lasted 00:10:02 (3541 turns).

snetch the Chopper (Hill Orc Monk)                  Turns: 3541, Time: 00:10:03

Health: -5/47      AC: 12    Str: 15    XL:     5   Next: 82%
Magic:  5/5        EV: 10    Int: 10    God:
Gold:   266        SH:  5    Dex: 13    Spells: 4/4 levels left

rFire    + . .     SeeInvis .   a - +0 hand axe
rCold    . . .     Faith    .   (no shield)
rNeg     . . .     Spirit   .   y - +2 scale mail {rF+}
rPois    .         Reflect  +   F - +0 helmet (curse)
rElec    .         Harm     .   v - +0 cloak
rCorr    .         Rampage  .   (no gloves)
Will     .....     Rnd*Tele +   n - +0 pair of boots
Stlth    +.........             t - amulet of reflection
HPRegen  0.15/turn              C - ring of teleportation (curse)
MPRegen  0.09/turn              D - ring of teleportation (curse)

@: no status effects
A: no striking features
a: no special abilities


You were on level 4 of the Dungeon.
You visited 1 branch of the dungeon, and saw 4 of its levels.

You collected 266 gold pieces.

Inventory:

Hand Weapons
 a - a +0 hand axe (weapon)
 i - a +2 dagger of venom
 o - a +0 short sword of protection
 x - a +0 flail
 G - a +3 quarterstaff of chaos
Missiles
 e - 70 stones (quivered)
 h - 4 bolts
 k - 6 javelins
 m - 18 arrows
 q - 36 poisoned darts
 w - 24 sling bullets
Armour
 n - a +0 pair of boots (worn)
 v - a +0 cloak (worn)
 y - a +2 scale mail of fire resistance (worn)
 F - a cursed +0 helmet (worn)
 H - a +0 cloak
Jewellery
 t - an amulet of reflection (around neck)
 C - a cursed ring of teleportation (left hand)
 D - a cursed ring of teleportation (right hand)
 E - an uncursed ring of flight
Wands
 B - a wand of digging (4)
Scrolls
 c - 8 scrolls of identify {unknown}
 d - a scroll of teleportation {unknown}
 f - 2 scrolls of amnesia {unknown}
 j - 3 scrolls of remove curse {unknown}
 r - a scroll of fear {unknown}
 u - 3 scrolls of enchant armour {unknown}
Potions
 b - 2 potions of flight {unknown}
 g - a potion of magic {unknown}
 l - a potion of berserk rage {unknown}
 p - 2 potions of degeneration {unknown}
 s - a potion of brilliance {unknown}
 z - a potion of haste
 A - a potion of lignification {unknown}


   Skills:
 + Level 4.4 Fighting
 + Level 5.7 Axes
 + Level 2.6 Armour
 + Level 3.0 Dodging
 + Level 2.1 Stealth
 + Level 0.6 Shields


You had 4 spell levels left.
You didn't know any spells.
Your spell library was empty.

Dungeon Overview and Level Annotations

Branches:
Dungeon (4/15)
 Temple: D:4-7

Altars:
The Shining One

Shops:
D:4 !

Annotations:
D:2 door behind water


Message History

You hit the ogre but do no damage.
The ogre is moderately wounded.
The ogre hits you with a +0 giant spiked club!
Your scale mail prevents you from hitting the ogre.
The ogre is moderately wounded.
You hit the ogre but do no damage.
The ogre is moderately wounded.
The ogre barely misses you.
You hit the ogre.
The ogre is moderately wounded.
The ogre barely misses you.
You hit the ogre.
The ogre is heavily wounded.
You hit the ogre.
The ogre is heavily wounded.
You block the ogre's attack.
You slash the ogre!
The ogre is severely wounded.
The ogre hits you with a +0 giant spiked club!!
You die...

###+####....#####....
#.....##....#........
#.§.≈.##....#.###.###
+..∩..+...........# #
#.≈.≈.##.##.#.##### #
#.)...#.......#######
#'# ##.##....<.....
#O####.############
#.@....########
######.........
##########


You could see an ogre.

Vanquished Creatures
  Crazy Yiuf (D:3)
  Terence (D:3)
  3 gnolls (D:3)
  3 adders
  3 oozes
  An adder zombie (D:2)
  3 dart slugs
  3 leopard geckos
  2 bats
  4 giant cockroaches
  7 hobgoblins
  3 quokkas (D:2)
  A ball python (D:1)
  5 frilled lizards
  14 goblins
  9 kobolds
  10 rats
73 creatures vanquished.

Vanquished Creatures (others)
  9 plants (D:1)
9 creatures vanquished.

Grand Total: 82 creatures vanquished

Notes
Turn   | Place    | Note
-------+----------+-------------------------------------------
     0 | D:1      | snetch the Hill Orc Monk began the quest for the Orb.
     0 | D:1      | Reached XP level 1. HP: 19/19 MP: 1/1
    70 | D:1      | Reached XP level 2. HP: 15/27 MP: 2/2
   622 | D:1      | Reached XP level 3. HP: 23/33 MP: 3/3
  1504 | D:2      | Reached XP level 4. HP: 32/40 MP: 4/4
  1588 | D:2      | Reached skill level 1 in Armour
  1793 | D:2      | Reached skill level 5 in Axes
  2293 | D:3      | Reached XP level 5. HP: 36/46 MP: 5/5
  2423 | D:3      | Found a runed translucent door.
  2424 | D:3      | Noticed Crazy Yiuf
  2464 | D:3      | Noticed Terence
  2486 | D:3      | Killed Terence
  3028 | D:3      | Found a glowing golden altar of the Shining One.
  3180 | D:3      | Killed Crazy Yiuf
  3523 | D:4      | Found Qoiq's Distillery.
  3523 | D:4      | Noticed an ogre
  3541 | D:4      | Slain by an ogre

Illustrated notes

Levels and vault maps discovered:
D:1:      saegor_arrival_miasma, layout_rooms, serial_bayou_lagoon_a,
          minivault_25
D:2:      layout_loops_ring, chequers_serial_rivers_large_b,
          minmay_goblin_outpost
D:3:      layout_loops_ring, tso_altar, uniq_crazy_yiuf_cottage, uniq_terence
D:4:      layout_loops_ring, lemuel_temple_firewalk_b, serial_shops,
          kennysheep_little_box

Skill      XL: |  1  2  3  4  5 |
---------------+----------------+-----
Fighting       | 4 |  4.4
Stealth        | 2 |  2.1
Armour         | 2 |  2.6
Axes           | 5 |  5.7
Dodging        | 3 |  3.0
Shields        | |  0.6

Action                   |  1- 3 |  4- 6 || total
-------------------------+-------+-------++-------
Melee: Hand axe          |   142 |   156 ||   298
 Stab: Sleeping          |     2 |       ||     2
Armor: Robe              |     4 |       ||     4
       Leather armour    |    12 |       ||    12
       Ring mail         |    35 |    22 ||    57
       Scale mail        |       |    16 ||    16
Dodge: Dodged            |   127 |    65 ||   192
Block: Other             |       |    32 ||    32
       Reflection        |       |     1 ||     1
